AoeStats
← EmirR6S

Arena

505970260Analyzed
4v4 RM · 20d ago on Sep 11, 2026· 44m 18s· 8 players
Game mode
Random Map
Map size
Large (8 player)
Population
200
Speed
Normal
Resources
Standard
Victory
Conquest
Starting age
Dark Age
Ending age
Imperial Age
RankedLock teamsTeams togetherTeam positionsShared explorationLock speedFull tech treeHidden civsTurbo modeCheats
Victory
Defeat
🇲🇾 Khmer · Malaysia
1032
+12
🇵🇪 Mongols · Peru
1014
+13
🇻🇪 Poles · Venezuela
964
+15
🇹🇷 Goths · Türkiye
893
+18
🇷🇴 Huns · Romania
985
-16
🇷🇴 Ethiopians · Romania
984
-16
🇷🇴 Franks · Romania
932
-41
🇷🇴 Poles · Romania
872
-12
Lestat
2:32 Loom
11:39 Feudal Age
12:14 Double-Bit Axe
12:42 Horse Collar
16:04 Wheelbarrow
19:17 Castle Age
17:54 Forging
17:44 Gold Mining
18:31 Scale Barding Armor
19:15 Stone Mining
19:49 Scale Mail Armor
29:51 Iron Casting
29:38 Squires
29:41 Crossbowman
30:58 Hand Cart
32:28 Elite Skirmisher
37:07 Imperial Age
34:25 Pikeman
36:39 Ballistics
36:44 Masonry
39:09 Chemistry
39:20 Blast Furnace
38:35 Chain Mail Armor
38:53 Conscription
39:26 Perfusion
39:40 Anarchy
40:42 Halberdier
44:27 Heavy Plow
lepu_93
12:49 Feudal Age
13:39 Horse Collar
13:47 Double-Bit Axe
14:47 Loom
17:45 Castle Age
17:07 Wheelbarrow
18:51 Bow Saw
18:49 Heavy Plow
28:16 Stone Mining
28:17 Gold Mining
31:41 Imperial Age
31:46 Forging
31:37 Scale Mail Armor
31:43 Scale Barding Armor
31:44 Husbandry
31:55 Bloodlines
31:05 Light Cavalry
33:05 Lechitic Legacy
33:06 Conscription
33:43 Iron Casting
32:35 Winged Hussar
34:09 Hoardings
34:11 Crop Rotation
33:32 Town Watch
34:09 Hand Cart
34:40 Chain Barding Armor
35:06 Stone Shaft Mining
35:27 Hoardings
36:16 Hoardings
36:44 Blast Furnace
38:20 Szlachta Privileges
Turan
9:59 Feudal Age
12:56 Castle Age
11:33 Double-Bit Axe
21:56 Wheelbarrow
21:49 Loom
23:37 Hand Cart
24:01 Stone Mining
24:03 Gold Mining
24:47 Town Watch
25:39 Town Patrol
26:35 Fortified Wall
26:20 Murder Holes
26:36 Masonry
27:00 Bow Saw
26:56 Horse Collar
32:02 Stone Shaft Mining
32:05 Gold Shaft Mining
31:13 Pikeman
33:19 Ballistics
33:39 Scale Mail Armor
33:49 Forging
33:47 Fletching
38:20 Imperial Age
36:44 Heavy Plow
38:22 Halberdier
38:30 Heavy Scorpion
39:23 Siege Engineers
40:19 Chemistry
39:49 Architecture
39:46 Conscription
39:27 Double Crossbow
40:21 Arson
40:56 Chain Mail Armor
41:16 Iron Casting
42:05 Hoardings
41:01 Sappers
42:33 Bodkin Arrow
45:02 Blast Furnace
44:03 Bracer
44:41 Crop Rotation
Dylan-23
4:16 Loom
10:35 Feudal Age
15:24 Castle Age
16:48 Double-Bit Axe
16:44 Horse Collar
20:11 Fletching
24:40 Wheelbarrow
26:22 Bodkin Arrow
26:27 Padded Archer Armor
27:42 Town Watch
29:11 Padded Archer Armor
30:20 Forging
30:15 Scale Barding Armor
30:28 Heavy Plow
30:46 Husbandry
31:04 Bloodlines
33:20 Iron Casting
33:05 Chain Barding Armor
33:30 Town Patrol
34:04 Hand Cart
38:28 Imperial Age
36:44 Bow Saw
38:49 Gold Mining
38:53 Stone Mining
38:52 Elite Steppe Lancer
40:41 Blast Furnace
40:19 Drill
40:21 Conscription
39:25 Capped Ram
40:25 Siege Ram
YANNICKKO
12:12 Feudal Age
18:25 Castle Age
32:15 Double-Bit Axe
33:07 Wheelbarrow
MDS Destroyer
6:48 Loom
10:35 Feudal Age
14:24 Castle Age
12:22 Double-Bit Axe
16:25 Stone Mining
18:58 Horse Collar
21:33 Loom
23:32 Wheelbarrow
24:59 Fletching
26:12 Elite Skirmisher
27:48 Padded Archer Armor
29:01 Crossbowman
36:19 Imperial Age
34:58 Thumb Ring
34:52 Bodkin Arrow
36:32 Arbalester
37:14 Onager
39:11 Conscription
George Droyd
11:26 Feudal Age
15:23 Castle Age
13:57 Double-Bit Axe
14:20 Horse Collar
20:20 Heavy Plow
22:47 Wheelbarrow
24:16 Hand Cart
26:06 Bow Saw
26:02 Gold Mining
28:35 Gold Shaft Mining
27:51 Stone Mining
32:29 Imperial Age
30:24 Marauders
30:52 Husbandry
31:02 Bloodlines
33:06 Scale Barding Armor
33:12 Forging
33:03 Cavalier
33:56 Thumb Ring
34:16 Parthian Tactics
35:21 Paladin
37:01 Pikeman
37:41 Squires
37:26 Arson
37:17 Heavy Cavalry Archer
38:52 Chain Barding Armor
39:07 Iron Casting
39:58 Halberdier
EmirR6S
10:40 Feudal Age
12:34 Feudal Age
16:51 Castle Age
14:58 Double-Bit Axe
15:39 Horse Collar
16:18 Scale Barding Armor
20:27 Heavy Plow
20:32 Stone Mining
22:40 Gold Mining
25:33 Treadmill Crane
26:58 Wheelbarrow
29:47 Hand Cart
29:20 Loom
29:39 Scale Mail Armor
30:54 Chain Mail Armor
30:49 Forging
31:30 Town Watch
36:10 Imperial Age
33:55 Pikeman
34:20 Arson
35:31 Szlachta Privileges
35:30 Husbandry
36:28 Bloodlines
36:18 Cavalier
38:21 Stone Shaft Mining
40:42 Conscription
40:48 Conscription
40:12 Elite Obuch
42:44 Chain Barding Armor
43:02 Iron Casting
Connection lost

Rejoining the realm…

Still unreachable

The connection could not be restored.

Session expired

The server has moved on; the page needs a fresh start.